 Dungeon Crawl Stone Soup version 0.28-a0-925-gd5e1996cdb (webtiles) character file.

Game seed: 5952948235618696442

16 croobank the Insei (level 2, 0/18 HPs)
             Began as an Octopode Transmuter on Nov 27, 2021.
             Slain by a worm (2 damage)
             ... on level 2 of the Dungeon.
             The game lasted 00:04:40 (1120 turns).

croobank the Insei (Octopode Transmuter)            Turns: 1120, Time: 00:04:40

Health: 0/18       AC:  1    Str:  9    XL:     2   Next: 58%
Magic:  4/5        EV: 13    Int: 15    God:
Gold:   17         SH:  0    Dex: 12    Spells: 2/5 levels left

rFire   . . .      SeeInvis .   a - +0 spear
rCold   . . .      Faith    .   (no shield)
rNeg    . . .      Spirit   .   (helmet currently unavailable)
rPois   .          Reflect  .   (no amulet)
rElec   .          Harm     .   f - ring of flight
rCorr   .          Rampage  .   (no ring)
Will    .....                   (no ring)
Stlth   ++........              (no ring)
HPRegen 0.06/turn               (no ring)
MPRegen 0.09/turn               (no ring)
                                (no ring)
                                (no ring)

@: appendages, flying
A: tentacle spike 3, almost no armour, amphibious, 8 rings, camouflage 1,
gelatinous body 1, (nimble swimmer 1), tentacles
a: End Transformation


You were on level 2 of the Dungeon.
One of your tentacles had grown a beastly spike.
You visited 1 branch of the dungeon, and saw 2 of its levels.

You collected 17 gold pieces.

Inventory:

Hand Weapons
 a - a +0 spear (weapon)
 d - a +0 dagger
 e - a +0 short sword
Missiles
 c - 5 javelins (quivered)
Jewellery
 f - a ring of flight (left tentacle)
Scrolls
 b - a scroll of teleportation {unknown}


   Skills:
 + Level 1.0 Fighting
 + Level 2.2 Dodging
 + Level 3.3 Unarmed Combat
 + Level 2.2 Spellcasting
 + Level 2.2 Transmutations


You had 2 spell levels left.
You knew the following spells:

 Your Spells              Type           Power      Damage    Failure   Level
a - Beastly Appendage     Tmut           16%        N/A       9%          1
b - Wereblood             Tmut           8%         N/A       13%         2

Your spell library contained the following spells:

 Spells                   Type           Power      Damage    Failure   Level
 Spider Form              Tmut/Pois      5%         N/A       38%         3
 Ice Form                 Ice/Tmut       5%         N/A       80%         4


Dungeon Overview and Level Annotations

Branches:
Dungeon (2/15)

Altars:


Innate Abilities, Weirdness & Mutations

One of your tentacles has grown a beastly spike.
You cannot wear most types of armour.
You are amphibious.
You can wear up to eight rings at the same time.
Your skin changes colour to match your surroundings (Stealth+).
Your rubbery body absorbs attacks. (AC +1, EV +1)
((You are camouflaged near water. (Stealth+)))
You have tentacles for arms and can constrict up to eight enemies at once.


Message History

(D) Dungeon
Where to? (? - help)
There is a stone staircase leading down here.
You fly downwards.
There is a stone staircase leading up here.
Found a scale mail.
Found 16 gold pieces.
A worm comes into view.
A bat comes into view.
Casting: Beastly Appendage (safe; 9% risk of failure)
Confirm with . or Enter, or press ? or * to list all spells.
Okay, then.
Found 3 gold pieces.
You see here 8 gold pieces.
Reach: a) +0 spear
Press: ? - help, Dir - move target, f - worm
Aim: a worm (about 22% to evade your +0 spear)
You reach to attack!
You hit the worm.
The worm is lightly wounded.
Reach: a) +0 spear
Press: ? - help, Dir - move target, f/p - worm
Aim: a worm (lightly wounded, about 22% to evade your +0 spear)
You reach to attack!
You hit the worm.
The worm is lightly wounded.
You hit the worm but do no damage. You grab the worm.
The worm is lightly wounded.
You constrict the worm. The worm bites you!
Ouch! That really hurt!
Casting: Beastly Appendage (safe; 9% risk of failure)
Confirm with . or Enter, or press ? or * to list all spells.
One of your tentacles grows a vicious spike.
You constrict the worm. You hit the worm.
The worm is moderately wounded.
You constrict the worm. The worm bites you!
* * * LOW HITPOINT WARNING * * *
You hit the worm. Your squeeze misses the worm.
The worm is heavily wounded.
You constrict the worm. The worm bites you.
You die...

≈≈.........#
#≈≈......#.# #≈..... #.#
#≈....♣♣#.# #≈.....♣..#
##≈........#
≈≈####≈≈........######..
.≈≈≈≈≈≈...........<.....
......w@.......#######..
.........♣♣..#.#
.$....$..♣.......
..b...............#
....♣.....#.......#
...♣♣♣............# ...
#..........[.# #.
#......#


You could see a worm and a bat (asleep).

Vanquished Creatures
  A giant cockroach (D:1)
  A hobgoblin (D:1)
  6 jackals (D:1)
  2 ball pythons (D:1)
  2 frilled lizards (D:1)
  A kobold (D:1)
  2 rats (D:1)
15 creatures vanquished.

Notes
Turn   | Place    | Note
-------+----------+-------------------------------------------
     0 | D:1      | croobank the Octopode Transmuter began the quest for the
                  | Orb.
     0 | D:1      | Reached XP level 1. HP: 13/13 MP: 3/3
     5 | D:1      | Noticed an electric eel
     6 | D:1      | Noticed an electric eel
   385 | D:1      | Reached XP level 2. HP: 15/18 MP: 3/5
   388 | D:1      | Learned a level 2 spell: Wereblood
  1120 | D:2      | Slain by a worm

Illustrated notes

Levels and vault maps discovered:
D:1:      arrival_aquarium_b, layout_basic
D:2:      layout_basic, kennysheep_decorative_pillar

Action                   || total
-------------------------++-------
Melee: Unarmed           ||    19
       Constrict         ||     8
       Kick              ||     5
       Tentacles         ||     3
       Spear             ||    14
       Punch             ||     1
Throw: Javelin           ||     5
 Cast: Beastly Appendage ||     8
       Wereblood         ||     1
  Use: Potion            ||     2
       Scroll            ||     1
 Stab: Sleeping          ||     2
Armor: Skin              ||     4
Dodge: Dodged            ||    23

Table legend: (Time is in decaauts)
 A = Elapsed time spent in this place.
 B = Non-inter-level travel time spent in this place.
 C = Inter-level travel time spent in this place.
 D = Time resting spent in this place.
 E = Time spent auto-exploring this place.
 F = Levels seen in this place.
 G = Mean time per level.
                   A        B        C        D        E       F      G
               +--------+--------+--------+--------+--------+-----+--------+
         Total |   1121 |   1096 |     25 |    302 |    595 |   2 |  560.5 |
       Dungeon |   1121 |   1096 |     25 |    302 |    595 |   2 |  560.5 |
               +--------+--------+--------+--------+--------+-----+--------+

Top non-repeatable levels by time:
     D:1: 1103 daAuts
     D:2: 18 daAuts
